Connexion

ST. LOUIS Blues vs LOS ANGELES Kings

Created - 20 novembre 2023 at 07:40

Goals
1 2 3 T
ST. LOUIS Blues 2 2 1 5
LOS ANGELES Kings 1 1 1 3
Shots
1 2 3 T
ST. LOUIS Blues 13 13 8 34
LOS ANGELES Kings 8 10 10 28

GoalsPenalties
1st period
1. LOS ANGELES Kings , Jesse Ylonen 6 (Arber Xhekaj 9, Nick Bonino 6) at 0:42
2. ST. LOUIS Blues , David Perron 11 (Dominic Kubalik 8, Phillip Danault 23) at 2:35 (PP)
3. ST. LOUIS Blues , Justin Schultz 10 (Phillip Danault 24) at 14:44
Brandon Montour (L.A) for Hooking (Minor) at 1:57
James Neal (STL) for Interference (Minor) at 4:37
Aaron Ekblad (L.A) for Interference (Minor) at 8:08
2nd period
4. ST. LOUIS Blues , Dylan Larkin 19 (Brendan Gallagher 18, Jesper Bratt 28) at 7:04
5. ST. LOUIS Blues , Dominic Kubalik 5 (Justin Schultz 29, Jonas Brodin 13) at 11:15
6. LOS ANGELES Kings , Mats Zuccarello 21 (Arber Xhekaj 10, Brayden Schenn 17) at 18:13
Jaden Schwartz (STL) for High sticking (Minor) at 0:54
3rd period
7. ST. LOUIS Blues , Dylan Larkin 20 (Jesper Bratt 29, Brendan Gallagher 19) at 15:49
8. LOS ANGELES Kings , Mats Zuccarello 22 (Derek Forbort 11, Arber Xhekaj 11) at 18:50
Aaron Ekblad (L.A) for Tripping (Minor) at 11:09
Goalie Stats
Mackenzie Blackwood (STL), 25 saves from 28 shots - (0,893), W, 22-6-2, 60:00 minutes
Cayden Primeau (L.A), 29 saves from 34 shots - (0,853), L, 1-4-2, 60:00 minutes
3 StarsOfficial
1 - Dominic Kubalik (STL)
2 - Dylan Larkin (STL)
3 - Justin Schultz (STL)
Referees : Justin StPierre and Wes McCauley
Linesman : Steve Miller and Mark Pare
Game Note
No Game Note
Finance
Level 1 -- Attendance: 6000 (100,00%) -- Ticket Income 810 000 $
Level 2 -- Attendance: 4131 (80,72%) -- Ticket Income 371 790 $
Level 3 -- Attendance: 1682 (84,10%) -- Ticket Income 100 920 $
Level 4 -- Attendance: 3208 (80,20%) -- Ticket Income 128 320 $
Luxury Box -- Attendance: 983 (98,30%) -- Ticket Income 226 090 $
Game was played at the Staples Center.
Total Attendance: 16004 (88,33%)
Total Ticket Income: 1 637 120 $
Other Income: 327 424 $
Total Income: 1 964 544 $



Team Name Goals Shots Shots Attemp Shots Blocked PIM HIT PP PK FO%
ST. LOUIS Blues 53461114201 / 3 (33%)046%
LOS ANGELES Kings 3286086170 / 2 (0%)154%

ST. LOUIS Blues
Player Name POS G A P +/- PIM HIT SHT SB MP PP MP PP SHT PK MP PK SHT FO% FOT
Brayden McNabbD0001031319:570:0001:4900% 0
Brendan GallagherRW0220045019:111:3300:0000% 3
Chris TierneyC000000006:520:0000:09056% 9
Craig SmithC/RW000-1011011:320:0001:14032% 22
David PerronC/LW/RW101-1004013:213:0310:0000% 0
Dominic KubalikLW1122005019:503:0310:0000% 0
Dylan LarkinC/LW2020005019:111:3310:00046% 24
Jaden SchwartzLW0002202019:022:1610:00033% 3
James NealLW/RW000-1210012:372:2000:0000% 1
Jeremy LauzonD000-1010112:410:0000:0900% 0
Jesper BrattLW/RW0220004019:201:3300:0900% 0
Jonas BrodinD0111011022:550:0002:0900% 0
Justin SchultzD1121013125:022:1612:0000% 0
Luke SchennD000-1010412:320:0000:0000% 0
Marcus FolignoLW000000009:180:0002:3500% 0
Matthew HighmoreC/LW/RW000000207:570:0001:1400% 0
Phillip DanaultC0222021022:253:0302:35061% 33
Zach WhitecloudD0001050222:172:2001:4900% 0
LOS ANGELES Kings
Player Name POS G A P +/- PIM HIT SHT SB MP PP MP PP SHT PK MP PK SHT FO% FOT
Aaron EkbladD000-2411320:441:5400:2800% 0
Adam FoxD0000002122:022:0420:5600% 0
Arber XhekajD0331001117:020:0003:0200% 0
Axel Jonsson FjallbyLW000001006:510:0000:0000% 0
Brandon MontourD0000230020:291:2402:1600% 0
Brayden SchennC/LW/RW0111061019:202:3400:00050% 28
Chandler StephensonC/LW000-2003018:311:2400:00050% 2
Derek ForbortD0111000014:000:0000:0000% 0
Jesse YlonenRW1010001110:420:0000:0000% 2
Jonathan DrouinLW/RW0001012019:202:3400:0000% 1
Jordan StaalC0000011013:571:2401:51063% 19
Mats ZuccarelloLW/RW2021006019:202:3400:0000% 1
Nick BoninoC/LW0110002013:270:0002:45033% 6
Nick FolignoC/LW/RW000-2011020:221:2401:51050% 2
Nicolas RoyC000-2013019:520:0002:45063% 24
Ryan PoehlingC000000106:510:0000:00056% 9
Thomas ChabotD000-2022225:402:3402:3000% 0
Zack KassianRW000000106:510:0000:000100% 1



Play-by-Play

1st period


0:01 of 1st period - Brayden Schenn wins face-off versus Brendan Gallagher in neutral zone.
0:05 of 1st period - Aaron Ekblad is hit by Jonas Brodin.
0:07 of 1st period - Shot by Mats Zuccarello.
0:07 of 1st period - Stopped by Mackenzie Blackwood without a rebound.
0:08 of 1st period - Phillip Danault wins face-off versus Nick Foligno in ST. LOUIS Blues zone.
0:27 of 1st period - Shot by Dominic Kubalik.
0:27 of 1st period - Stopped by Cayden Primeau without a rebound.
0:28 of 1st period - Jordan Staal wins face-off versus Craig Smith in LOS ANGELES Kings zone.
0:34 of 1st period - Icing by Arber Xhekaj.
0:35 of 1st period - Jordan Staal wins face-off versus Dylan Larkin in LOS ANGELES Kings zone.
0:40 of 1st period - Shot by Arber Xhekaj.
0:40 of 1st period - Shot Misses the Net.
0:42 of 1st period - Shot by Jesse Ylonen.
0:42 of 1st period - Goal by Jesse Ylonen - ST. LOUIS Blues : 0 - LOS ANGELES Kings : 1.
0:43 of 1st period - Chris Tierney wins face-off versus Brayden Schenn in neutral zone.
1:23 of 1st period - Aaron Ekblad is hit by Justin Schultz and loses puck.
1:57 of 1st period - Minor Penalty to Brandon Montour for Hooking.
1:58 of 1st period - Nick Bonino wins face-off versus Phillip Danault in LOS ANGELES Kings zone.
2:17 of 1st period - Shot by Dominic Kubalik.
2:17 of 1st period - Shot Misses the Net.
2:35 of 1st period - Shot by David Perron.
2:35 of 1st period - Goal by David Perron - ST. LOUIS Blues : 1 - LOS ANGELES Kings : 1.
2:36 of 1st period - Dylan Larkin wins face-off versus Ryan Poehling in neutral zone.
2:42 of 1st period - Icing by Brandon Montour.
2:43 of 1st period - Ryan Poehling wins face-off versus Dylan Larkin in LOS ANGELES Kings zone.
3:23 of 1st period - Icing by Adam Fox.
3:24 of 1st period - Ryan Poehling wins face-off versus Phillip Danault in LOS ANGELES Kings zone.
3:24 of 1st period - Ryan Poehling is hit by Phillip Danault.
4:22 of 1st period - Icing by Arber Xhekaj.
4:23 of 1st period - Nicolas Roy wins face-off versus Craig Smith in LOS ANGELES Kings zone.
4:28 of 1st period - Shot by Craig Smith.
4:28 of 1st period - Stopped by Cayden Primeau without a rebound.
4:29 of 1st period - Craig Smith wins face-off versus Jesse Ylonen in LOS ANGELES Kings zone.
4:37 of 1st period - Minor Penalty to James Neal for Interference.
4:38 of 1st period - Phillip Danault wins face-off versus Mats Zuccarello in ST. LOUIS Blues zone.
4:38 of 1st period - Phillip Danault is hit by Brayden Schenn.
4:50 of 1st period - Shot by Adam Fox.
4:50 of 1st period - Stopped by Mackenzie Blackwood without a rebound.
4:51 of 1st period - Jordan Staal wins face-off versus Phillip Danault in ST. LOUIS Blues zone.
5:06 of 1st period - Shot by Brandon Montour.
5:06 of 1st period - Shot Blocked by Brayden McNabb.
5:25 of 1st period - Off-side.
5:26 of 1st period - Craig Smith wins face-off versus Brayden Schenn in neutral zone.
5:39 of 1st period - Shot by Adam Fox.
5:39 of 1st period - Stopped by Mackenzie Blackwood without a rebound.
5:40 of 1st period - Brayden Schenn wins face-off versus Craig Smith in ST. LOUIS Blues zone.
6:38 of 1st period - Shot by Axel Jonsson Fjallby.
6:38 of 1st period - Shot Misses the Net.
6:40 of 1st period - Shot by Ryan Poehling.
6:40 of 1st period - Shot Misses the Net.
6:48 of 1st period - Shot by Zack Kassian.
6:48 of 1st period - Stopped by Mackenzie Blackwood without a rebound.
6:49 of 1st period - Jordan Staal wins face-off versus Craig Smith in ST. LOUIS Blues zone.
6:49 of 1st period - Arber Xhekaj is hit by Brayden McNabb and loses puck.
6:57 of 1st period - Icing by Zach Whitecloud.
6:58 of 1st period - Nicolas Roy wins face-off versus Craig Smith in ST. LOUIS Blues zone.
7:19 of 1st period - Shot by Arber Xhekaj.
7:19 of 1st period - Shot Blocked by Brayden McNabb.
7:53 of 1st period - Icing by Jonathan Drouin.
7:54 of 1st period - Jaden Schwartz wins face-off versus Brayden Schenn in LOS ANGELES Kings zone.
7:54 of 1st period - Justin Schultz is hit by Thomas Chabot and loses puck.
8:01 of 1st period - Shot by Phillip Danault.
8:01 of 1st period - Shot Misses the Net.
8:03 of 1st period - Shot by Phillip Danault.
8:03 of 1st period - Shot Misses the Net.
8:05 of 1st period - Shot by Justin Schultz.
8:05 of 1st period - Shot Blocked by Thomas Chabot.
8:08 of 1st period - Minor Penalty to Aaron Ekblad for Interference.
8:09 of 1st period - Nick Bonino wins face-off versus Dylan Larkin in LOS ANGELES Kings zone.
8:24 of 1st period - Shot by Justin Schultz.
8:24 of 1st period - Stopped by Cayden Primeau without a rebound.
8:25 of 1st period - Phillip Danault wins face-off versus Nick Bonino in LOS ANGELES Kings zone.
8:36 of 1st period - Shot by Jaden Schwartz.
8:36 of 1st period - Stopped by Cayden Primeau without a rebound.
8:37 of 1st period - Dylan Larkin wins face-off versus Jordan Staal in LOS ANGELES Kings zone.
8:39 of 1st period - Jesper Bratt is hit by Brandon Montour and loses puck.
9:06 of 1st period - Shot by Dylan Larkin.
9:06 of 1st period - Stopped by Cayden Primeau without a rebound.
9:07 of 1st period - Phillip Danault wins face-off versus Jordan Staal in LOS ANGELES Kings zone.
9:08 of 1st period - Shot by Dominic Kubalik.
9:08 of 1st period - Stopped by Cayden Primeau without a rebound.
9:09 of 1st period - Jordan Staal wins face-off versus Phillip Danault in LOS ANGELES Kings zone.
9:15 of 1st period - Icing by Dominic Kubalik.
9:16 of 1st period - Phillip Danault wins face-off versus Nick Bonino in ST. LOUIS Blues zone.
9:16 of 1st period - Phillip Danault is hit by Nicolas Roy.
9:24 of 1st period - Shot by Justin Schultz.
9:24 of 1st period - Shot Misses the Net.
11:30 of 1st period - Icing by Zach Whitecloud.
11:31 of 1st period - Nicolas Roy wins face-off versus Chris Tierney in ST. LOUIS Blues zone.
11:34 of 1st period - Shot by Chandler Stephenson.
11:34 of 1st period - Stopped by Mackenzie Blackwood without a rebound.
11:35 of 1st period - Phillip Danault wins face-off versus Nicolas Roy in ST. LOUIS Blues zone.
11:45 of 1st period - Icing by Jonas Brodin.
11:46 of 1st period - Phillip Danault wins face-off versus Brayden Schenn in ST. LOUIS Blues zone.
11:52 of 1st period - Jonas Brodin is hit by Brayden Schenn and loses puck.
12:02 of 1st period - Off-side.
12:03 of 1st period - Chandler Stephenson wins face-off versus Craig Smith in neutral zone.
12:11 of 1st period - Icing by Brayden McNabb.
12:12 of 1st period - Nicolas Roy wins face-off versus Craig Smith in ST. LOUIS Blues zone.
12:44 of 1st period - Nick Foligno is hit by Craig Smith and loses puck.
13:04 of 1st period - Icing by Aaron Ekblad.
13:05 of 1st period - Nicolas Roy wins face-off versus Phillip Danault in LOS ANGELES Kings zone.
13:22 of 1st period - Off-side.
13:23 of 1st period - Brayden Schenn wins face-off versus Dylan Larkin in neutral zone.
13:28 of 1st period - Shot by Mats Zuccarello.
13:28 of 1st period - Shot Blocked by Luke Schenn.
13:58 of 1st period - Shot by Mats Zuccarello.
13:58 of 1st period - Deflect By Brayden Schenn.
13:58 of 1st period - Shot Misses the Net.
14:08 of 1st period - Shot by Mats Zuccarello.
14:08 of 1st period - Shot Misses the Net.
14:42 of 1st period - Shot by Phillip Danault.
14:42 of 1st period - Shot Misses the Net.
14:44 of 1st period - Shot by Justin Schultz.
14:44 of 1st period - Goal by Justin Schultz - ST. LOUIS Blues : 2 - LOS ANGELES Kings : 1.
14:45 of 1st period - Ryan Poehling wins face-off versus Craig Smith in neutral zone.
14:47 of 1st period - Axel Jonsson Fjallby is hit by James Neal and loses puck.
15:02 of 1st period - Shot by James Neal.
15:02 of 1st period - Shot Misses the Net.
15:04 of 1st period - Shot by David Perron.
15:04 of 1st period - Stopped by Cayden Primeau without a rebound.
15:05 of 1st period - Phillip Danault wins face-off versus Nicolas Roy in LOS ANGELES Kings zone.
15:25 of 1st period - Icing by Phillip Danault.
15:26 of 1st period - Brayden Schenn wins face-off versus Phillip Danault in ST. LOUIS Blues zone.
15:29 of 1st period - Shot by Mats Zuccarello.
15:29 of 1st period - Shot Misses the Net.
15:31 of 1st period - Shot by Jonathan Drouin.
15:31 of 1st period - Stopped by Mackenzie Blackwood without a rebound.
15:32 of 1st period - Dylan Larkin wins face-off versus Jonathan Drouin in ST. LOUIS Blues zone.
15:49 of 1st period - Shot by Dylan Larkin.
15:49 of 1st period - Stopped by Cayden Primeau with a rebound.
15:59 of 1st period - Shot by Dylan Larkin.
15:59 of 1st period - Shot Misses the Net.
16:14 of 1st period - Dylan Larkin is hit by Thomas Chabot and loses puck.
16:22 of 1st period - Icing by Aaron Ekblad.
16:23 of 1st period - Phillip Danault wins face-off versus Brayden Schenn in LOS ANGELES Kings zone.
16:31 of 1st period - Phillip Danault is hit by Aaron Ekblad and loses puck.
17:17 of 1st period - Off-side.
17:18 of 1st period - Craig Smith wins face-off versus Jordan Staal in neutral zone.
17:27 of 1st period - Shot by David Perron.
17:27 of 1st period - Shot Misses the Net.
17:37 of 1st period - Shot by David Perron.
17:37 of 1st period - Stopped by Cayden Primeau without a rebound.
17:38 of 1st period - Nicolas Roy wins face-off versus Brendan Gallagher in LOS ANGELES Kings zone.
18:01 of 1st period - Shot by Nicolas Roy.
18:01 of 1st period - Stopped by Mackenzie Blackwood without a rebound.
18:02 of 1st period - Jordan Staal wins face-off versus Phillip Danault in ST. LOUIS Blues zone.
18:03 of 1st period - Shot by Nick Bonino.
18:03 of 1st period - Shot Misses the Net.
18:15 of 1st period - Shot by Dominic Kubalik.
18:15 of 1st period - Shot Blocked by Jesse Ylonen.
18:17 of 1st period - Shot by Phillip Danault.
18:17 of 1st period - Shot Blocked by Adam Fox.
18:40 of 1st period - Jonas Brodin is hit by Jordan Staal and loses puck.
19:05 of 1st period - Icing by Arber Xhekaj.
19:06 of 1st period - Dylan Larkin wins face-off versus Nicolas Roy in LOS ANGELES Kings zone.
19:14 of 1st period - Shot by Jesper Bratt.
19:14 of 1st period - Stopped by Cayden Primeau with a rebound.
19:16 of 1st period - Shot by Brendan Gallagher.
19:16 of 1st period - Stopped by Cayden Primeau without a rebound.
19:17 of 1st period - Brayden Schenn wins face-off versus Chris Tierney in LOS ANGELES Kings zone.
Goals for this period are 2 for ST. LOUIS Blues vs 1 for LOS ANGELES Kings .
Shots for this period are 13 for ST. LOUIS Blues vs 8 for LOS ANGELES Kings .

2nd period


0:01 of 2nd period - Nicolas Roy wins face-off versus Dylan Larkin in neutral zone.
0:23 of 2nd period - Dylan Larkin is hit by Brandon Montour and loses puck.
0:54 of 2nd period - Minor Penalty to Jaden Schwartz for High sticking.
0:55 of 2nd period - Phillip Danault wins face-off versus Brayden Schenn in ST. LOUIS Blues zone.
2:55 of 2nd period - Icing by Jeremy Lauzon.
2:56 of 2nd period - Dylan Larkin wins face-off versus Ryan Poehling in ST. LOUIS Blues zone.
3:39 of 2nd period - Shot by Brendan Gallagher.
3:39 of 2nd period - Stopped by Cayden Primeau without a rebound.
3:40 of 2nd period - Jordan Staal wins face-off versus Craig Smith in LOS ANGELES Kings zone.
3:52 of 2nd period - Off-side.
3:53 of 2nd period - Nicolas Roy wins face-off versus Phillip Danault in neutral zone.
5:10 of 2nd period - Brendan Gallagher is hit by Brayden Schenn and loses puck.
5:57 of 2nd period - Icing by Craig Smith.
5:58 of 2nd period - Jordan Staal wins face-off versus Craig Smith in ST. LOUIS Blues zone.
6:19 of 2nd period - Shot by Nick Bonino.
6:19 of 2nd period - Stopped by Mackenzie Blackwood without a rebound.
6:20 of 2nd period - Nicolas Roy wins face-off versus Chris Tierney in ST. LOUIS Blues zone.
6:21 of 2nd period - Shot by Aaron Ekblad.
6:21 of 2nd period - Shot Blocked by Brayden McNabb.
6:26 of 2nd period - Chandler Stephenson is hit by Zach Whitecloud and loses puck.
6:38 of 2nd period - Off-side.
6:39 of 2nd period - Phillip Danault wins face-off versus Jordan Staal in neutral zone.
6:46 of 2nd period - Shot by Phillip Danault.
6:46 of 2nd period - Shot Misses the Net.
6:48 of 2nd period - Shot by Dominic Kubalik.
6:48 of 2nd period - Stopped by Cayden Primeau with a rebound.
6:56 of 2nd period - Shot by Justin Schultz.
6:56 of 2nd period - Deflect By Phillip Danault.
6:56 of 2nd period - Shot Blocked by Arber Xhekaj.
6:58 of 2nd period - Shot by Justin Schultz.
6:58 of 2nd period - Stopped by Cayden Primeau without a rebound.
6:59 of 2nd period - Dylan Larkin wins face-off versus Nicolas Roy in LOS ANGELES Kings zone.
7:02 of 2nd period - Shot by Brendan Gallagher.
7:02 of 2nd period - Stopped by Cayden Primeau with a rebound.
7:04 of 2nd period - Shot by Dylan Larkin.
7:04 of 2nd period - Goal by Dylan Larkin - ST. LOUIS Blues : 3 - LOS ANGELES Kings : 1.
7:05 of 2nd period - Phillip Danault wins face-off versus Jordan Staal in neutral zone.
7:26 of 2nd period - Shot by Jaden Schwartz.
7:26 of 2nd period - Stopped by Cayden Primeau without a rebound.
7:27 of 2nd period - Brayden Schenn wins face-off versus Dylan Larkin in LOS ANGELES Kings zone.
7:36 of 2nd period - Shot by Jesper Bratt.
7:36 of 2nd period - Stopped by Cayden Primeau without a rebound.
7:37 of 2nd period - Nicolas Roy wins face-off versus Phillip Danault in LOS ANGELES Kings zone.
7:37 of 2nd period - Nicolas Roy is hit by Phillip Danault.
8:16 of 2nd period - Shot by Dominic Kubalik.
8:16 of 2nd period - Deflect By Jaden Schwartz.
8:16 of 2nd period - Shot Blocked by Thomas Chabot.
8:45 of 2nd period - Shot by Dylan Larkin.
8:45 of 2nd period - Shot Misses the Net.
8:47 of 2nd period - Shot by Jesper Bratt.
8:47 of 2nd period - Stopped by Cayden Primeau without a rebound.
8:48 of 2nd period - Craig Smith wins face-off versus Brayden Schenn in LOS ANGELES Kings zone.
8:49 of 2nd period - Shot by James Neal.
8:49 of 2nd period - Shot Misses the Net.
9:05 of 2nd period - Shot by Jonathan Drouin.
9:05 of 2nd period - Deflect By Mats Zuccarello.
9:05 of 2nd period - Stopped by Mackenzie Blackwood with a rebound.
9:19 of 2nd period - Shot by Brayden Schenn.
9:19 of 2nd period - Stopped by Mackenzie Blackwood without a rebound.
9:20 of 2nd period - Jordan Staal wins face-off versus Dylan Larkin in ST. LOUIS Blues zone.
9:30 of 2nd period - Nick Bonino is hit by Brayden McNabb.
9:42 of 2nd period - Shot by Dylan Larkin.
9:42 of 2nd period - Shot Misses the Net.
9:56 of 2nd period - Shot by Brendan Gallagher.
9:56 of 2nd period - Stopped by Cayden Primeau without a rebound.
9:57 of 2nd period - Brayden Schenn wins face-off versus Jaden Schwartz in LOS ANGELES Kings zone.
10:09 of 2nd period - Icing by Derek Forbort.
10:10 of 2nd period - Brayden Schenn wins face-off versus Craig Smith in LOS ANGELES Kings zone.
10:16 of 2nd period - Mats Zuccarello is hit by Jeremy Lauzon and loses puck.
10:22 of 2nd period - Icing by Luke Schenn.
10:23 of 2nd period - Jordan Staal wins face-off versus Craig Smith in ST. LOUIS Blues zone.
10:23 of 2nd period - Thomas Chabot is hit by Luke Schenn and loses puck.
10:29 of 2nd period - Icing by David Perron.
10:30 of 2nd period - Craig Smith wins face-off versus Brayden Schenn in ST. LOUIS Blues zone.
10:35 of 2nd period - Shot by Jonathan Drouin.
10:35 of 2nd period - Stopped by Mackenzie Blackwood without a rebound.
10:36 of 2nd period - Phillip Danault wins face-off versus Nicolas Roy in ST. LOUIS Blues zone.
10:47 of 2nd period - Shot by Nick Foligno.
10:47 of 2nd period - Shot Blocked by Justin Schultz.
11:15 of 2nd period - Shot by Dominic Kubalik.
11:15 of 2nd period - Goal by Dominic Kubalik - ST. LOUIS Blues : 4 - LOS ANGELES Kings : 1.
11:16 of 2nd period - Dylan Larkin wins face-off versus Brayden Schenn in neutral zone.
11:16 of 2nd period - Dylan Larkin is hit by Brayden Schenn.
12:01 of 2nd period - Icing by Adam Fox.
12:02 of 2nd period - Brayden Schenn wins face-off versus Craig Smith in LOS ANGELES Kings zone.
12:23 of 2nd period - Shot by James Neal.
12:23 of 2nd period - Shot Blocked by Aaron Ekblad.
12:25 of 2nd period - Shot by Jonas Brodin.
12:25 of 2nd period - Stopped by Cayden Primeau without a rebound.
12:26 of 2nd period - Nicolas Roy wins face-off versus Phillip Danault in LOS ANGELES Kings zone.
12:47 of 2nd period - Icing by Nicolas Roy.
12:48 of 2nd period - Nicolas Roy wins face-off versus Brendan Gallagher in LOS ANGELES Kings zone.
12:48 of 2nd period - Nicolas Roy is hit by Brendan Gallagher.
13:02 of 2nd period - Shot by Chandler Stephenson.
13:02 of 2nd period - Stopped by Mackenzie Blackwood without a rebound.
13:03 of 2nd period - Phillip Danault wins face-off versus Jesse Ylonen in ST. LOUIS Blues zone.
13:16 of 2nd period - Shot by Nick Bonino.
13:16 of 2nd period - Deflect By Jordan Staal.
13:16 of 2nd period - Shot Misses the Net.
13:18 of 2nd period - Shot by Nick Bonino.
13:18 of 2nd period - Shot Misses the Net.
13:26 of 2nd period - Shot by Nick Bonino.
13:26 of 2nd period - Deflect By Jordan Staal.
13:26 of 2nd period - Stopped by Mackenzie Blackwood without a rebound.
13:27 of 2nd period - Brayden Schenn wins face-off versus Dylan Larkin in ST. LOUIS Blues zone.
13:51 of 2nd period - Icing by Mats Zuccarello.
13:52 of 2nd period - Phillip Danault wins face-off versus Brayden Schenn in LOS ANGELES Kings zone.
13:59 of 2nd period - Shot by Dominic Kubalik.
13:59 of 2nd period - Stopped by Cayden Primeau without a rebound.
14:00 of 2nd period - Phillip Danault wins face-off versus Jordan Staal in LOS ANGELES Kings zone.
14:03 of 2nd period - Shot by Justin Schultz.
14:03 of 2nd period - Shot Misses the Net.
15:20 of 2nd period - Shot by Dylan Larkin.
15:20 of 2nd period - Stopped by Cayden Primeau without a rebound.
15:21 of 2nd period - Brayden Schenn wins face-off versus Craig Smith in LOS ANGELES Kings zone.
16:38 of 2nd period - Shot by Chandler Stephenson.
16:38 of 2nd period - Deflect By Nicolas Roy.
16:38 of 2nd period - Stopped by Mackenzie Blackwood with a rebound.
16:40 of 2nd period - Shot by Chandler Stephenson.
16:40 of 2nd period - Stopped by Mackenzie Blackwood without a rebound.
16:41 of 2nd period - Ryan Poehling wins face-off versus Phillip Danault in ST. LOUIS Blues zone.
17:15 of 2nd period - Off-side.
17:16 of 2nd period - Nicolas Roy wins face-off versus Dylan Larkin in neutral zone.
17:42 of 2nd period - Nick Foligno is hit by Brendan Gallagher and loses puck.
17:57 of 2nd period - Shot by Nick Foligno.
17:57 of 2nd period - Shot Blocked by Zach Whitecloud.
18:11 of 2nd period - Shot by Arber Xhekaj.
18:11 of 2nd period - Shot Misses the Net.
18:13 of 2nd period - Shot by Mats Zuccarello.
18:13 of 2nd period - Goal by Mats Zuccarello - ST. LOUIS Blues : 4 - LOS ANGELES Kings : 2.
18:14 of 2nd period - Brayden Schenn wins face-off versus Jaden Schwartz in neutral zone.
18:19 of 2nd period - Shot by Jonathan Drouin.
18:19 of 2nd period - Shot Misses the Net.
19:07 of 2nd period - Icing by Brayden Schenn.
19:08 of 2nd period - Brayden Schenn wins face-off versus Chris Tierney in LOS ANGELES Kings zone.
19:33 of 2nd period - Shot by Thomas Chabot.
19:33 of 2nd period - Shot Blocked by Jeremy Lauzon.
19:35 of 2nd period - Shot by Nick Bonino.
19:35 of 2nd period - Stopped by Mackenzie Blackwood without a rebound.
19:36 of 2nd period - Dylan Larkin wins face-off versus Chandler Stephenson in ST. LOUIS Blues zone.
Goals for this period are 2 for ST. LOUIS Blues vs 1 for LOS ANGELES Kings .
Shots for this period are 13 for ST. LOUIS Blues vs 10 for LOS ANGELES Kings .

3rd period


0:01 of 3rd period - Dylan Larkin wins face-off versus Nick Bonino in neutral zone.
0:36 of 3rd period - Shot by Aaron Ekblad.
0:36 of 3rd period - Shot Misses the Net.
2:51 of 3rd period - Matthew Highmore is hit by Brayden Schenn and loses puck.
3:08 of 3rd period - Shot by Thomas Chabot.
3:08 of 3rd period - Stopped by Mackenzie Blackwood without a rebound.
3:09 of 3rd period - Jordan Staal wins face-off versus Dylan Larkin in ST. LOUIS Blues zone.
3:44 of 3rd period - Shot by Jesse Ylonen.
3:44 of 3rd period - Shot Misses the Net.
3:52 of 3rd period - Shot by Jordan Staal.
3:52 of 3rd period - Shot Misses the Net.
3:54 of 3rd period - Shot by Jesse Ylonen.
3:54 of 3rd period - Deflect By Jordan Staal.
3:54 of 3rd period - Shot Misses the Net.
4:15 of 3rd period - Shot by Chandler Stephenson.
4:15 of 3rd period - Shot Blocked by Zach Whitecloud.
4:17 of 3rd period - Shot by Nick Foligno.
4:17 of 3rd period - Stopped by Mackenzie Blackwood with a rebound.
4:19 of 3rd period - Shot by Chandler Stephenson.
4:19 of 3rd period - Shot Hit the Post.
4:57 of 3rd period - Dominic Kubalik is hit by Nick Foligno and loses puck.
6:18 of 3rd period - Shot by Thomas Chabot.
6:18 of 3rd period - Stopped by Mackenzie Blackwood with a rebound.
6:20 of 3rd period - Shot by Ryan Poehling.
6:20 of 3rd period - The goal is going for a video replay.
6:20 of 3rd period - The goal is refused.
6:21 of 3rd period - Chris Tierney wins face-off versus Brayden Schenn in ST. LOUIS Blues zone.
6:21 of 3rd period - Chris Tierney is hit by Brayden Schenn.
7:05 of 3rd period - Shot by Mats Zuccarello.
7:05 of 3rd period - Stopped by Mackenzie Blackwood without a rebound.
7:06 of 3rd period - Craig Smith wins face-off versus Jordan Staal in ST. LOUIS Blues zone.
7:22 of 3rd period - Icing by James Neal.
7:23 of 3rd period - Zack Kassian wins face-off versus Craig Smith in ST. LOUIS Blues zone.
7:29 of 3rd period - Icing by Jonas Brodin.
7:30 of 3rd period - Jordan Staal wins face-off versus James Neal in ST. LOUIS Blues zone.
8:37 of 3rd period - Jonathan Drouin is hit by Zach Whitecloud and loses puck.
8:50 of 3rd period - Shot by Mats Zuccarello.
8:50 of 3rd period - Shot Misses the Net.
8:52 of 3rd period - Shot by Brayden Schenn.
8:52 of 3rd period - Shot Misses the Net.
8:59 of 3rd period - Brayden Schenn is hit by Zach Whitecloud and loses puck.
9:13 of 3rd period - Brayden Schenn is hit by Brayden McNabb and loses puck.
9:21 of 3rd period - Icing by Brayden McNabb.
9:22 of 3rd period - Phillip Danault wins face-off versus Nicolas Roy in ST. LOUIS Blues zone.
9:31 of 3rd period - Shot by Chandler Stephenson.
9:31 of 3rd period - Shot Misses the Net.
9:33 of 3rd period - Shot by Aaron Ekblad.
9:33 of 3rd period - Stopped by Mackenzie Blackwood without a rebound.
9:34 of 3rd period - Ryan Poehling wins face-off versus Dylan Larkin in ST. LOUIS Blues zone.
11:06 of 3rd period - Shot by Matthew Highmore.
11:06 of 3rd period - Shot Misses the Net.
11:08 of 3rd period - Shot by Marcus Foligno.
11:08 of 3rd period - Shot Misses the Net.
11:09 of 3rd period - Minor Penalty to Aaron Ekblad for Tripping.
11:10 of 3rd period - Phillip Danault wins face-off versus Nick Bonino in LOS ANGELES Kings zone.
12:06 of 3rd period - Icing by Justin Schultz.
12:07 of 3rd period - Nick Foligno wins face-off versus Dylan Larkin in ST. LOUIS Blues zone.
12:35 of 3rd period - Adam Fox is hit by Brendan Gallagher and loses puck.
13:12 of 3rd period - Shot by Matthew Highmore.
13:12 of 3rd period - Shot Misses the Net.
13:14 of 3rd period - Shot by Matthew Highmore.
13:14 of 3rd period - Stopped by Cayden Primeau without a rebound.
13:15 of 3rd period - Chris Tierney wins face-off versus Brayden Schenn in LOS ANGELES Kings zone.
13:30 of 3rd period - Shot by Matthew Highmore.
13:30 of 3rd period - Stopped by Cayden Primeau without a rebound.
13:31 of 3rd period - Chris Tierney wins face-off versus Ryan Poehling in LOS ANGELES Kings zone.
14:29 of 3rd period - Aaron Ekblad is hit by Brendan Gallagher and loses puck.
14:40 of 3rd period - Shot by Brendan Gallagher.
14:40 of 3rd period - Shot Blocked by Aaron Ekblad.
14:56 of 3rd period - Shot by Brendan Gallagher.
14:56 of 3rd period - Stopped by Cayden Primeau with a rebound.
15:04 of 3rd period - Shot by Jesper Bratt.
15:04 of 3rd period - Stopped by Cayden Primeau without a rebound.
15:05 of 3rd period - Phillip Danault wins face-off versus Nicolas Roy in LOS ANGELES Kings zone.
15:18 of 3rd period - Shot by Phillip Danault.
15:18 of 3rd period - Stopped by Cayden Primeau without a rebound.
15:19 of 3rd period - Craig Smith wins face-off versus Brayden Schenn in LOS ANGELES Kings zone.
15:24 of 3rd period - Shot by David Perron.
15:24 of 3rd period - Stopped by Cayden Primeau without a rebound.
15:25 of 3rd period - Phillip Danault wins face-off versus Nicolas Roy in LOS ANGELES Kings zone.
15:25 of 3rd period - Phillip Danault is hit by Brandon Montour.
15:29 of 3rd period - Shot by Dominic Kubalik.
15:29 of 3rd period - Shot Misses the Net.
15:37 of 3rd period - Shot by Chandler Stephenson.
15:37 of 3rd period - Deflect By Nicolas Roy.
15:37 of 3rd period - Stopped by Mackenzie Blackwood without a rebound.
15:38 of 3rd period - Dylan Larkin wins face-off versus Brayden Schenn in ST. LOUIS Blues zone.
15:49 of 3rd period - Shot by Dylan Larkin.
15:49 of 3rd period - Goal by Dylan Larkin - ST. LOUIS Blues : 5 - LOS ANGELES Kings : 2.
15:50 of 3rd period - Nicolas Roy wins face-off versus Phillip Danault in neutral zone.
16:07 of 3rd period - Off-side.
16:08 of 3rd period - Brayden Schenn wins face-off versus Dylan Larkin in neutral zone.
16:11 of 3rd period - Dylan Larkin is hit by Jonathan Drouin.
16:51 of 3rd period - Shot by Mats Zuccarello.
16:51 of 3rd period - Stopped by Mackenzie Blackwood without a rebound.
16:52 of 3rd period - Nicolas Roy wins face-off versus Phillip Danault in ST. LOUIS Blues zone.
17:27 of 3rd period - Shot by Dominic Kubalik.
17:27 of 3rd period - Shot Misses the Net.
17:37 of 3rd period - Shot by Nicolas Roy.
17:37 of 3rd period - Deflect By Chandler Stephenson.
17:37 of 3rd period - Shot Misses the Net.
18:42 of 3rd period - Shot by Jonathan Drouin.
18:42 of 3rd period - Shot Blocked by Luke Schenn.
18:44 of 3rd period - Shot by Derek Forbort.
18:44 of 3rd period - Shot Blocked by Luke Schenn.
18:46 of 3rd period - Shot by Arber Xhekaj.
18:46 of 3rd period - Stopped by Mackenzie Blackwood with a rebound.
18:48 of 3rd period - Shot by Derek Forbort.
18:48 of 3rd period - Shot Blocked by Luke Schenn.
18:50 of 3rd period - Shot by Mats Zuccarello.
18:50 of 3rd period - Goal by Mats Zuccarello - ST. LOUIS Blues : 5 - LOS ANGELES Kings : 3.
18:51 of 3rd period - Dylan Larkin wins face-off versus Ryan Poehling in neutral zone.
18:51 of 3rd period - Jesper Bratt is hit by Axel Jonsson Fjallby and loses puck.
18:56 of 3rd period - Shot by Dylan Larkin.
18:56 of 3rd period - Shot Blocked by Aaron Ekblad.
18:58 of 3rd period - Shot by Dylan Larkin.
18:58 of 3rd period - Shot Misses the Net.
19:00 of 3rd period - Shot by Brayden McNabb.
19:00 of 3rd period - Stopped by Cayden Primeau without a rebound.
19:01 of 3rd period - Chris Tierney wins face-off versus Nicolas Roy in LOS ANGELES Kings zone.
19:15 of 3rd period - Chandler Stephenson is hit by Zach Whitecloud and loses puck.
19:34 of 3rd period - Shot by Chandler Stephenson.
19:34 of 3rd period - Shot Misses the Net.
19:45 of 3rd period - Chandler Stephenson is hit by Zach Whitecloud and loses puck.
Goals for this period are 1 for ST. LOUIS Blues vs 1 for LOS ANGELES Kings .
Shots for this period are 8 for ST. LOUIS Blues vs 10 for LOS ANGELES Kings .